 Dungeon Crawl Stone Soup version 0.30.1-9-gdf580d7c3d (webtiles) character file.

Game seed: 4510214982507285099

390 Kranky the Digger (level 6, -32/47 HPs)
             Began as a Gnoll Wanderer on Oct 22, 2023.
             Killed by an exploding butterfly (46 damage)
             ... ignited by their inner flame
             ... on level 4 of the Dungeon.
             The game lasted 00:05:40 (2982 turns).

Kranky the Digger (Gnoll Wanderer)                  Turns: 2982, Time: 00:05:41

Health: -32/47     AC:  9    Str: 10    XL:     6   Next: 80%
Magic:  11/11      EV: 13    Int: 11    God:
Gold:   223        SH:  0    Dex: 21    Spells: 11/12 levels left

rFire   x . .        k - +2 rapier (speed)
rCold   + + .        (no shield)
rNeg    . . .        t - +0 ice dragon scales
rPois   .            (no helmet)
rElec   .            (no cloak)
rCorr   .            (no gloves)
SInv    .            (no boots)
Will    .....        (no amulet)
Stlth   +            f - +6 ring of dexterity
HPRegen 0.27/turn    q - +5 ring of evasion
MPRegen 0.12/turn

%: no passive effects
@: weak-willed
A: fangs 1, strong nose, distributed training
a: no special abilities


You were on level 4 of the Dungeon.
You visited 1 branch of the dungeon, and saw 4 of its levels.

You collected 223 gold pieces.

Inventory:

Hand Weapons
 a - a +0 quarterstaff
 c - a +0 dagger
 k - a +2 rapier of speed (weapon)
Missiles
 b - 8 boomerangs (quivered)
 p - 3 poisoned darts
Armour
 e - a +0 robe
 o - a +0 ring mail
 t - +0 ice dragon scales (worn)
Jewellery
 f - a +6 ring of dexterity (left hand)
 q - a +5 ring of evasion (right hand)
 r - a ring of magical power
 u - a +5 ring of evasion
Wands
 y - a wand of charming (8)
 C - a wand of roots (6)
Scrolls
 n - a scroll of vulnerability
Potions
 d - a potion of lignification
 g - a potion of invisibility {unknown}
 h - 2 potions of degeneration {unknown}
 i - a potion of berserk rage {unknown}
 j - 3 potions of flight
 m - 2 potions of heal wounds
 s - a potion of curing {unknown}
 w - a potion of might {unknown}
 A - a potion of brilliance {unknown}
 D - a potion of haste {unknown}


   Skills:
 + Level 3.4 Fighting
 + Level 2.2 Short Blades
 + Level 2.2 Long Blades
 + Level 2.2 Axes
 + Level 2.2 Maces & Flails
 + Level 2.2 Polearms
 + Level 5.1 Staves
 + Level 2.2 Ranged Weapons
 + Level 5.1 Throwing
 + Level 2.2 Armour
 + Level 2.2 Dodging
 + Level 2.2 Stealth
 + Level 2.2 Shields
 + Level 2.2 Unarmed Combat
 + Level 3.6 Spellcasting
 + Level 1.7 Conjurations
 + Level 1.7 Hexes
 + Level 1.7 Summonings
 + Level 1.7 Necromancy
 + Level 1.7 Translocations
 + Level 1.7 Transmutations
 + Level 1.7 Fire Magic
 + Level 1.7 Ice Magic
 + Level 1.7 Air Magic
 + Level 5.7 Earth Magic
 + Level 1.7 Poison Magic
 + Level 3.5 Invocations
 + Level 2.2 Evocations


You had 11 spell levels left.
You knew the following spells:

 Your Spells              Type           Power      Damage    Failure   Level
a - Sandblast             Erth           28%        2d8       24%         1

Your spell library contained the following spells:

 Spells                   Type           Power      Damage    Failure   Level
 Passwall                 Tmut/Erth      8%         N/A       63%         2
 Sublimation of Blood     Necr           5%         N/A       87%         2
 Wereblood                Tmut           5%         N/A       87%         2
 Animate Armour           Summ/Erth      20%        N/A       99%         4
 Summon Hydra             Summ           2%         N/A       100%        7


Dungeon Overview and Level Annotations

Branches:
Dungeon (4/15)
 Temple: D:4-7

Altars:
Qazlal


Innate Abilities, Weirdness & Mutations

You have very sharp teeth.
Your uncanny sense of smell can sniff out nearby items.
Your experience applies equally to all skills.


Message History

You kill your butterfly!
Your butterfly disappears in a burst of colours!
Your butterfly is engulfed in poison gas.
Your butterfly is poisoned.
You kill your butterfly!
Your butterfly disappears in a burst of colours!
Your butterfly is engulfed in poison gas.
Your butterfly is poisoned.
You kill your butterfly!
Your butterfly disappears in a burst of colours!
Your butterfly is engulfed in poison gas.
Your butterfly is poisoned.
You kill your butterfly!
Your butterfly disappears in a burst of colours!
Unknown command.
Unknown command.
As you read the scroll labelled BAUL FITWUDYES, it crumbles to dust.
The creatures around you are filled with an inner flame!
It was a scroll of immolation.
Your butterfly disappears in a burst of colours!
Your butterfly explodes!
The fiery explosion engulfs your butterfly!!
Your butterfly disappears in a burst of colours!
Your butterfly explodes!
The fiery explosion engulfs your butterfly!
Your butterfly disappears in a burst of colours!
Your butterfly explodes!
The fiery explosion engulfs your butterfly!
Your butterfly disappears in a burst of colours!
The fiery explosion engulfs you!! The fire burns you terribly!
Ouch! That really hurt!
* * * LOW HITPOINT WARNING * * *
The fiery explosion engulfs your butterfly!!!
Your butterfly disappears in a burst of colours!
Your butterfly explodes!
The fiery explosion engulfs your butterfly!!
Your butterfly disappears in a burst of colours!
The fiery explosion engulfs you!!! The fire burns you terribly!
Ouch! That really hurt!
You die...

###....###.#...##..............#.
##......##.#.§§##...........#....
#.......#..##§§§............#....
#...........##§§............##.##
.........§####§§..#........†####.
#........§§###§§..............##.
##..÷÷...§§.§§§§#####..§.........
##.......§§.§§§§####(§§§........<
.............#§§@.b§§.§§.....#...
.............#§§§#..#b§§........~
.............#§§§#.##.####.~..~..
............§§§b§.....##≈≈≈≈.~~≈~
...........§§§§.......#≈≈≈≈≈≈~≈.~
.......#.§§§§.§§.§§..##≈##.......
.#....###§§§§§##§§§..#≈≈#..~...~.
#......#.§§§§§.§§§§§.####....~...
##..........................###..


There were no monsters in sight!

Vanquished Creatures
  A black bear (D:4)
  2 scorpions
  A howler monkey (D:4)
  A jelly (D:3)
  2 adders
  A worm (D:4)
  3 dart slugs
  11 orcs
  6 ball pythons
  5 bats
  9 endoplasms
  3 giant cockroaches
  A goblin (D:4)
  6 hobgoblins
  3 jackals (D:4)
  4 quokkas
  3 frilled lizards
  5 kobolds
  7 rats
74 creatures vanquished.

Notes
Turn   | Place    | Note
-------+----------+-------------------------------------------
     0 | D:1      | Kranky the Gnoll Wanderer began the quest for the Orb.
     0 | D:1      | Kranky set off with the following items: a +0 quarterstaff,
                  | 7 boomerangs, a +0 dagger, a potion of lignification, a +0
                  | robe; and the following spell memorised: Sandblast; and the
                  | following spells available to memorise: Passwall, Animate
                  | Armour.
     0 | D:1      | Reached XP level 1. HP: 17/17 MP: 4/4
   153 | D:1      | Reached XP level 2. HP: 21/23 MP: 2/5
   584 | D:1      | Reached XP level 3. HP: 28/28 MP: 2/7
   952 | D:2      | Found a stormy altar of Qazlal.
  1206 | D:2      | Reached skill level 1 in Short Blades
  1206 | D:2      | Reached skill level 1 in Long Blades
  1206 | D:2      | Reached skill level 1 in Axes
  1206 | D:2      | Reached skill level 1 in Maces & Flails
  1206 | D:2      | Reached skill level 1 in Polearms
  1206 | D:2      | Reached skill level 1 in Ranged Weapons
  1206 | D:2      | Reached skill level 1 in Armour
  1206 | D:2      | Reached skill level 1 in Dodging
  1206 | D:2      | Reached skill level 1 in Stealth
  1206 | D:2      | Reached skill level 1 in Shields
  1206 | D:2      | Reached skill level 1 in Unarmed Combat
  1206 | D:2      | Reached skill level 1 in Evocations
  1543 | D:3      | Reached XP level 4. HP: 15/34 MP: 8/8
  1719 | D:3      | Reached skill level 1 in Conjurations
  1719 | D:3      | Reached skill level 1 in Hexes
  1719 | D:3      | Reached skill level 1 in Summonings
  1719 | D:3      | Reached skill level 1 in Necromancy
  1719 | D:3      | Reached skill level 1 in Translocations
  1719 | D:3      | Reached skill level 1 in Transmutations
  1719 | D:3      | Reached skill level 1 in Fire Magic
  1719 | D:3      | Reached skill level 1 in Ice Magic
  1719 | D:3      | Reached skill level 1 in Air Magic
  1719 | D:3      | Reached skill level 1 in Poison Magic
  1753 | D:3      | Noticed a scorpion
  1767 | D:3      | Killed a scorpion
  1768 | D:3      | Reached XP level 5. HP: 28/41 MP: 4/9
  2362 | D:4      | Reached XP level 6. HP: 35/47 MP: 9/11
  2682 | D:4      | Reached skill level 5 in Staves
  2682 | D:4      | Reached skill level 5 in Throwing
  2900 | D:4      | Noticed a black bear
  2914 | D:4      | Killed a black bear
  2982 | D:4      | Killed by an exploding butterfly... ignited by their inner
                  | flame

Illustrated notes

Levels and vault maps discovered:
D:1:      beargit_arrival_greenhouse, layout_basic
D:2:      layout_basic, basic_altar
D:3:      layout_basic
D:4:      layout_cave_pools, fountainhead, chequers_serial_rivers_small_3

Skill      XL: |  1  2  3  4  5  6 |
---------------+-------------------+-----
Short Blades   | 1 2 |  2.2
Long Blades    | 1 2 |  2.2
Axes           | 1 2 |  2.2
Maces & Flails | 1 2 |  2.2
Polearms       | 1 2 |  2.2
Ranged Weapons | 1 2 |  2.2
Armour         | 1 2 |  2.2
Dodging        | 1 2 |  2.2
Stealth        | 1 2 |  2.2
Shields        | 1 2 |  2.2
Unarmed Combat | 1 2 |  2.2
Evocations     | 1 2 |  2.2
Spellcasting   | 3 |  3.6
Conjurations   | 1 |  1.7
Hexes          | 1 |  1.7
Summonings     | 1 |  1.7
Necromancy     | 1 |  1.7
Translocations | 1 |  1.7
Transmutations | 1 |  1.7
Fire Magic     | 1 |  1.7
Ice Magic      | 1 |  1.7
Air Magic      | 1 |  1.7
Poison Magic   | 1 |  1.7
Fighting       | 3 |  3.4
Invocations    | 3 |  3.5
Staves         | 5 |  5.1
Throwing       | 5 |  5.1
Earth Magic    | |  5.7

Action                     |  1- 3 |  4- 6 || total
---------------------------+-------+-------++-------
  Melee: Quarterstaff      |    28 |       ||    28
         Bite              |     6 |    14 ||    20
         Rapier            |    33 |    99 ||   132
         Punch             |     1 |       ||     1
   Cast: Sandblast         |    28 |    20 ||    48
    Use: Scroll            |       |     7 ||     7
   Stab: Sleeping          |     3 |       ||     3
 Armour: Robe              |    11 |       ||    11
         Ring mail         |     3 |     6 ||     9
         Ice dragon scales |       |    26 ||    26
  Dodge: Dodged            |    40 |    81 ||   121
